 Dungeon Crawl Stone Soup version 0.29.1-15-g9cfb28693d (webtiles) character file.

Game seed: 163966546335464274

4 zeram the Caller (level 1, -1/16 HPs)
             Began as a Troll Summoner on Apr 24, 2023.
             Succumbed to a kobold's poison
             ... on level 2 of the Dungeon.
             The game lasted 00:00:16 (122 turns).

zeram the Caller (Troll Summoner)                    Turns: 122, Time: 00:00:17

Health: -1/16      AC:  4    Str: 15    XL:     1   Next: 58%
Magic:  1/1        EV:  9    Int: 11    God:
Gold:   19         SH:  0    Dex: 10    Spells: 1/2 levels left

rFire   . . .      SeeInvis .   (no weapon)
rCold   . . .      Faith    .   (no shield)
rNeg    . . .      Spirit   .   a - +0 robe
rPois   .          Reflect  .   (helmet restricted)
rElec   .          Harm     .   (no cloak)
rCorr   .          Rampage  .   (gloves unavailable)
Will    .....                   (boots unavailable)
Stlth   +.........              (no amulet)
HPRegen 0.85/turn               (no ring)
MPRegen 0.07/turn               (no ring)

@: lethally poisoned (-1 -> -11)
A: large, unfitting armour, claws 3, regeneration 1, shaggy fur 1, tough skin 1
a: no special abilities


You were on level 2 of the Dungeon.
You visited 1 branch of the dungeon, and saw 2 of its levels.

You collected 19 gold pieces.

Inventory:

Armour
 a - a +0 robe (worn)
Scrolls
 c - a scroll of identify {unknown}
 d - a scroll of amnesia {unknown}
Potions
 b - a potion of magic


   Skills:
 + Level 1.5 Dodging
 + Level 1.0 Stealth
 + Level 1.3 Spellcasting
 + Level 3.1 Summonings


You had one spell level left.
You knew the following spells:

 Your Spells              Type           Power      Damage    Failure   Level
a - Summon Small Mammal   Summ           28%        N/A       9%          1

Your spell library contained the following spells:

 Spells                   Type           Power      Damage    Failure   Level
 Call Imp                 Summ           7%         N/A       13%         2
 Call Canine Familiar     Summ           7%         N/A       26%         3
 Summon Guardian Golem    Hex/Summ       4%         N/A       45%         3
 Summon Lightning Spire   Summ/Air       4%         N/A       86%         4


Dungeon Overview and Level Annotations

Branches:
Dungeon (2/15)

Altars:


Innate Abilities, Weirdness & Mutations

You are too large for most types of armour.
You have claws for hands.
Your natural rate of healing is unusually fast.
You are covered in fur. (AC +1)
You have tough skin. (AC +1)


Message History

The endoplasm quivers.
The endoplasm closely misses you.
You claw the endoplasm!
You kill the endoplasm!
c - a scroll labelled HEYXOMU GEASOA As you open the huge gate, it creaks loudly!
A sourceless malevolence fills the Dungeon...
You fall into a shaft and drop 1 floor!
The shaft crumbles and collapses.
Found a scroll labelled COKKEAF FEGH, 2 gold pieces and a sling.
Found a stone staircase leading down and a stone staircase leading up.
d - a scroll labelled COKKEAF FEGH You now have 19 gold pieces (gained 2).
There is a stone staircase leading up here.
You see here a +0 sling.
A kobold comes into view. It is wielding a +2 dagger of venom.
A kobold is nearby!
An endoplasm comes into view.
The kobold shouts!
The kobold throws a stone.
The stone barely misses you.
You closely miss the kobold.
The endoplasm quivers.
The kobold hits you but does no damage.
You are poisoned.
You closely miss the kobold.
You feel sick. The kobold hits you but does no damage.
You are more poisoned.
You closely miss the kobold.
You feel sick.
The kobold hits you with a +2 dagger of venom.
You are more poisoned.
You barely miss the endoplasm.
You feel very sick.
The endoplasm hits you but does no damage.
The kobold hits you with a +2 dagger of venom.
You are more poisoned.
You are too injured to fight recklessly!
You are too injured to fight recklessly!
* * * LOW HITPOINT WARNING * * *
You feel very sick.
You die...

#.. #.####### #.......#
########### #.......#
#.........#.#.......####
#.........#.#..........#
+.........+..>.........#
#......J..#+#..........#
#......K.@..)<.........#
#......................#
###.....##....#....#+###
#.###............# #.
#####..##.#### .
#....#.# . .......#
##.#.###


You could see an endoplasm and a kobold.

Vanquished Creatures
  An endoplasm (D:1)
  2 giant cockroaches (D:1)
  A rat (D:1)
4 creatures vanquished.

Notes
Turn   | Place    | Note
-------+----------+-------------------------------------------
     0 | D:1      | zeram the Troll Summoner began the quest for the Orb.
     0 | D:1      | Reached XP level 1. HP: 16/16 MP: 1/1
    24 | D:1      | Reached skill level 3 in Summonings
    98 | D:1      | Found a faded altar of an unknown god.
    98 | D:1      | You fall into a shaft and drop 1 floor!
   122 | D:2      | Succumbed to a kobold's poison

Illustrated notes

Levels and vault maps discovered:
D:1:      minmay_arrival_cross, layout_loops_ring,
          hellmonk_ecumenical_altar_heavens_door, minmay_misc_feat_four_crosses
D:2:      minmay_door_path, layout_basic, roderic_lattice_a,
          minmay_misc_feat_ornament, uniq_sigmund

Skill      XL: |  1 |
---------------+----+-----
Summonings     | 3 |  3.1
Dodging        | |  1.5
Stealth        | |  1.0
Spellcasting   | |  1.3

Action                   || total
-------------------------++-------
Melee: Unarmed           ||    16
Armor: Robe              ||     8
Dodge: Dodged            ||     5
